 Dungeon Crawl Stone Soup version 0.27-a0-1202-ge72e49191c (webtiles) character file.

Game seed: 1111828280431379917

285 Kinoniko the Slasher (level 6, -1/51 HPs)
             Began as a Draconian Berserker on June 3, 2021.
             Was a Priest of Trog.
             Slain by Grinder (5 damage)
             ... on level 4 of the Dungeon.
             The game lasted 00:03:00 (3675 turns).

Kinoniko the Slasher (Draconian Berserker)          Turns: 3675, Time: 00:03:00

Health: -1/51      AC:  7    Str: 19    XL:     6   Next: 7%
Magic:  6/6        EV: 12    Int:  8    God:    Trog [***...]
Gold:   167        SH:  0    Dex: 12    Spells: 5/5 levels left

rFire    . . .     SeeInvis .   o - +0 long sword
rCold    . . .     Faith    .   (no shield)
rNeg     . . .     Spirit   .   (armour unavailable)
rPois    .         Reflect  .   (helmet restricted)
rElec    .         Harm     .   j - scarf {shadows}
rCorr    .         Rampage  .   f - +0 pair of gloves
Will     .....                  (no boots)
Stlth    +.........             (no amulet)
HPRegen  0.17/turn              (no ring)
MPRegen  0.10/turn              (no ring)

@: on berserk cooldown, slowed, very slow
A: AC +6, unfitting armour, cold-blooded
a: Renounce Religion, Berserk, Trog's Hand


You were on level 4 of the Dungeon.
You worshipped Trog.
Trog was most pleased with you.
You visited 1 branch of the dungeon, and saw 4 of its levels.

You collected 167 gold pieces.

Inventory:

Hand Weapons
 a - a +0 falchion
 o - a +0 long sword (weapon)
Armour
 f - a +0 pair of gloves (worn)
 j - a scarf of shadows (worn)
Jewellery
 d - a ring of fire
Wands
 l - a wand of polymorph (9)
Scrolls
 b - a scroll of enchant armour {unknown}
 c - 2 scrolls of identify {unknown}
 g - a scroll of amnesia {unknown}
 i - 2 scrolls of teleportation {unknown}
 k - 3 scrolls of magic mapping {unknown}
 n - a scroll of fog {unknown}
 q - a scroll of fear {unknown}
Potions
 e - 2 potions of curing {unknown}
 h - a potion of brilliance {unknown}
 m - a potion of might {unknown}
 p - a potion of lignification {unknown}
 r - a potion of heal wounds {unknown}


   Skills:
 - Level 3.4 Fighting
 * Level 6.8 Long Blades
 - Level 2.6 Dodging


You had 5 spell levels left.
You didn't know any spells.
Your spell library was empty.

Dungeon Overview and Level Annotations

Branches:
Dungeon (4/15)
 Temple: D:4-7

Altars:
Vehumet

Annotations:
D:4 Grinder


Innate Abilities, Weirdness & Mutations

Your plain brown scales are hard. (AC +6)
You cannot fit into any form of body armour.
You are cold-blooded and may be slowed by cold attacks.


Message History

Unknown command.
You barely miss Grinder.
Grinder is moderately wounded.
Grinder hits you but does no damage.
You barely miss Grinder. You tail-slap Grinder!
Grinder is heavily wounded.
You hit Grinder.
Grinder is heavily wounded.
Grinder hits you.
You writhe in agony.
Unknown command.
You slash Grinder!
Grinder is severely wounded.
Grinder blinks!
Unknown command.
Unknown command.
You feel a strong urge to attack something.
Grinder gestures at you. Pain shoots through your body!
You are no longer berserk.
You are exhausted.
You feel yourself slow down. Grinder gestures at you.
You suddenly lose the ability to move!
Grinder gestures at you. Pain shoots through your body! Grinder hits you.
You writhe in agony.
Grinder hits you.
You writhe in agony.
Grinder barely misses you.
You can move again.
You are too injured to fight recklessly!
Unknown command.
You slash Grinder!
Grinder is almost dead.
Grinder gestures at you. Pain shoots through your body!
* * * LOW HITPOINT WARNING * * *
You closely miss Grinder.
Grinder is almost dead.
Grinder hits you.
You die...

#
####............
# #....†.......
# ##..........#
# ##....#...#
####.# ### #.#
#.# #.# #@# #5#
#.# #.# #.# #.#
..#


You could see Grinder.

Vanquished Creatures
  A vampire bat (D:3)
  A hound (D:3)
  4 gnolls (D:4)
  3 adders
  4 dart slugs
  3 fire bats (D:3)
  2 spectral bats (D:3)
  3 bat skeletons (D:3)
  A bat zombie (D:3)
  4 endoplasms
  4 giant cockroaches
  6 goblins
  5 hobgoblins
  6 jackals (D:1)
  6 kobolds
  A quokka (D:2)
  4 ball pythons
  11 bats
  A bat simulacrum (D:3)
  2 frilled lizards
  11 rats
83 creatures vanquished.

Notes
Turn   | Place    | Note
-------+----------+-------------------------------------------
     0 | D:1      | Kinoniko the Draconian Berserker began the quest for the
                  | Orb.
     0 | D:1      | Reached XP level 1. HP: 19/19 MP: 1/1
   232 | D:1      | Reached XP level 2. HP: 26/26 MP: 2/2
   757 | D:1      | Reached skill level 4 in Long Blades
   849 | D:1      | Reached XP level 3. HP: 28/31 MP: 3/3
  1350 | D:2      | Reached ** piety under Trog
  2094 | D:3      | Found a radiant altar of Vehumet.
  2216 | D:3      | Reached XP level 4. HP: 19/38 MP: 4/4
  2850 | D:3      | Reached skill level 5 in Long Blades
  2951 | D:3      | Reached XP level 5. HP: 41/45 MP: 5/5
  3009 | D:3      | Reached skill level 6 in Long Blades
  3095 | D:3      | Reached *** piety under Trog
  3527 | D:4      | Reached XP level 6. HP: 51/51 MP: 6/6
  3577 | D:4      | Identified the +1 dagger of Xiam {freeze, Str+3}
  3650 | D:4      | Noticed Grinder
  3654 | D:4      | Paralysed by Grinder for 5 turns
  3667 | D:4      | Paralysed by Grinder for 6 turns
  3675 | D:4      | Slain by Grinder

Illustrated notes

Levels and vault maps discovered:
D:1:      dpeg_arrival_rooms_with_view, layout_basic
D:2:      layout_loops_ring
D:3:      layout_loops_ring, lemuel_crystal_altar, goddamned_bats
D:4:      layout_rooms, uniq_grinder

Skill      XL: |  1  2  3  4  5 |
---------------+----------------+-----
Long Blades    | 4 5 6 |  6.8
Fighting       | |  3.4
Dodging        | |  2.6

Action                   |  1- 3 |  4- 6 || total
-------------------------+-------+-------++-------
Melee: Falchion          |   110 |     1 ||   111
       Tailslap          |    11 |    20 ||    31
       Long sword        |       |    75 ||    75
Invok: Berserk           |       |     5 ||     5
 Stab: Sleeping          |     1 |     1 ||     2
Armor: Skin              |    34 |    55 ||    89
Dodge: Dodged            |    89 |    84 ||   173
       Rpst.: Falchion   |    30 |       ||    30
       Long sword        |       |    30 ||    30

Table legend: (Time is in decaauts)
 A = Elapsed time spent in this place.
 B = Non-inter-level travel time spent in this place.
 C = Inter-level travel time spent in this place.
 D = Time resting spent in this place.
 E = Time spent auto-exploring this place.
 F = Levels seen in this place.
 G = Mean time per level.
                   A        B        C        D        E       F      G
               +--------+--------+--------+--------+--------+-----+--------+
         Total |   3731 |   3611 |    120 |    586 |   2543 |   4 |  932.8 |
       Dungeon |   3731 |   3611 |    120 |    586 |   2543 |   4 |  932.8 |
               +--------+--------+--------+--------+--------+-----+--------+

Top non-repeatable levels by time:
     D:3: 1478 daAuts
     D:1: 1258 daAuts
     D:2: 808 daAuts
     D:4: 185 daAuts
